 Dungeon Crawl Stone Soup version 0.30-a0-4-ga7cffc901d (webtiles) character file.

Game seed: 7079831073283066493

2663 Sobieck the Grappler (level 9, -1/80 HPs)
             Began as a Ghoul Gladiator on Aug 21, 2022.
             Was an Initiate of Wu Jian.
             Slain by an orc priest
             ... wielding a +0 flail
              (2 damage)
             ... on level 8 of the Dungeon.
             The game lasted 00:15:52 (7881 turns).

Sobieck the Grappler (Ghoul Gladiator)              Turns: 7881, Time: 00:15:53

Health: -1/80      AC:  7    Str: 22    XL:     9   Next: 63%
Magic:  8/8        EV: 10    Int:  3    God:    Wu Jian [......]
Gold:   410        SH:  0    Dex: 10    Spells: 8/8 levels left

rFire   . . .      SeeInvis .      - Unarmed
rCold   + . .      Faith    .    (no shield)
rNeg    + + +      Spirit   .    s - +0 scale mail
rPois   ∞          Reflect  .    b - +0 helmet
rElec   .          Harm     .    (no cloak)
rCorr   .          Rampage  .    (no gloves)
Will    .....                    (no boots)
Stlth   +.........               (no amulet)
HPRegen 0.00/turn                E - ring of positive energy
MPRegen 0.11/turn                (no ring)

@: inhibited regen, hasted, very quick
A: claws 1, cold resistance 1, negative energy resistance 3, inhibited
regeneration, torment resistance 2, devour on kill
a: Renounce Religion


You were on level 8 of the Dungeon.
You worshipped Wu Jian.
Wu Jian was noncommittal.
You visited 1 branch of the dungeon, and saw 8 of its levels.
You also visited: Sewer.

You collected 410 gold pieces.


Innate Abilities, Weirdness & Mutations

You are immune to poison.
You have sharp fingernails.
Your flesh is cold resistant. (rC+)
You are immune to negative energy. (rN+++)
You do not regenerate when monsters are visible.
You are immune to unholy pain and torment.
You thrive by killing the living.


   Skills:
 + Level 7.7 Fighting
 + Level 3.2 Throwing
 - Level 2.6 Dodging
 + Level 3.3 Stealth
 * Level 11.0 Unarmed Combat
 + Level 2.4 Evocations


You had 8 spell levels left.
You didn't know any spells.
Your spell library contained the following spells:

 Spells                   Type           Power      Damage    Failure   Level
 Cause Fear               Hex            0%         N/A       100%        4
 Petrify                  Tmut/Erth      0%         N/A       100%        4
 Irradiate                Conj/Tmut      0%         3d11      100%        5
 Dragon's Call            Summ           0%         N/A       100%        9
 Sublimation of Blood     Necr           Unusable   N/A       N/A         2
 Dragon Form              Tmut           Unusable   N/A       N/A         7

Inventory:

Missiles
 c - 5 throwing nets (quivered) {=f!fthrowing}
 d - a javelin {throwing}
 i - 54 stones {throwing}
 q - 5 silver javelins {throwing}
 D - 3 atropa-tipped darts {throwing}
 G - a silver boomerang {throwing}
 N - 3 boomerangs {throwing}
 S - 2 poisoned darts {throwing}
Armour
 a - a +0 leather armour
 b - a +0 helmet (worn)
 k - a +0 robe
   (You found it on level 1 of the Dungeon)
 m - a +0 leather armour
   (You took it off an orc on level 4 of the Dungeon)
 n - a +0 ring mail
   (You found it on level 1 of the Dungeon)
 s - a +0 scale mail (worn)
   (You found it on level 2 of the Dungeon)
 t - a +0 leather armour
   (You found it on level 2 of the Dungeon)
 v - a +0 animal skin
   (You took it off Robin on level 2 of the Dungeon)
 w - a +0 ring mail
   (You found it on level 3 of the Dungeon)
 A - a +0 leather armour
   (You took it off an orc on level 3 of the Dungeon)
 C - a +0 ring mail
   (You found it on level 3 of the Dungeon)
 F - a +0 robe
   (You found it on level 4 of the Dungeon)
 H - a +0 robe
   (You took it off an orc wizard on level 4 of the Dungeon)
 I - a +0 robe
   (You took it off Pikel on level 4 of the Dungeon)
 K - a +0 leather armour
   (You took it off an orc on level 5 of the Dungeon)
 L - a +0 leather armour
   (You took it off an orc on level 5 of the Dungeon)
 M - a +0 ring mail
   (You took it off an orc on level 5 of the Dungeon)
 O - a +0 leather armour
   (You took it off an orc on level 5 of the Dungeon)
 Q - a +0 ring mail
   (You found it on level 6 of the Dungeon)
 X - a +0 ring mail
   (You took it off an orc on level 6 of the Dungeon)
 Y - a +0 robe
   (You took it off a gnoll bouda on level 6 of the Dungeon)
 Z - a +0 leather armour
   (You took it off a gnoll bouda on level 7 of the Dungeon)
Magical Staves
 R - a staff of cold {!astaff}
   (You found it on level 5 of the Dungeon)
Jewellery
 y - a ring of magical power
   (You found it in a sewer)
 E - a ring of positive energy (left claw)
   (You took it off a kobold on level 4 of the Dungeon)
Wands
 l - a wand of mindburst (9)
   (You found it on level 4 of the Dungeon)
 V - a wand of flame (17)
   (You took it off a gnoll on level 6 of the Dungeon)
 W - a wand of iceblast (10)
   (You found it on level 6 of the Dungeon)
Scrolls
 o - 3 scrolls of enchant weapon
 p - 2 scrolls of teleportation {@r4}
 u - a scroll of noise {!r}
 x - 2 scrolls of blinking {!r}
 J - a scroll of poison
Potions
 e - 5 potions of curing {@q1}
 f - 5 potions of attraction {!q}
 g - a potion of might
 h - 4 potions of lignification
 j - a potion of magic
 r - a potion of berserk rage {!q}
 z - a potion of resistance
 B - a potion of ambrosia {unknown}
 P - 2 potions of heal wounds {unknown}
 T - a potion of mutation {unknown}

Dungeon Overview and Level Annotations

Branches:
Dungeon (8/15) Zot: 26934  Temple (0/1) D:7           Sewer (visited)
   Lair: D:8-11

Altars:
Cheibriados
Fedhas
Wu Jian

Annotations:
D:7 Joseph

#..)......#
#.........#
#.........#
#.........#
#.........##########
#............#...#.#
######.............#
#..####o#.#.#.#
#..#..@oo..<#.#.
#..#..#o........
#..#..#.o..##.# #.
#..#....# .
#..#........#
#..#.....#..#
#..#.....# .#
#......).# #
.##....#


You could see an orc warrior, 3 orc priests and an orc.


Message History

You kill the orc!
The Council accepts your kill.
No target in view!
e - 5 potions of curing {@q1} (gained 1)
Found a stone staircase leading up.
Unknown command.
An orc wizard comes into view. It is wielding a +0 dagger of draining.
The orc wizard shouts!
You hear a shout! x2
An orc comes into view. It is wielding a +0 dagger.
Danger!
Unknown command.
An orc and an orc priest come into view.
The orc shouts!
The orc priest shouts!
The orc shouts!
A wyvern comes into view.
An orc priest comes into view. It is wielding a +0 flail.
The wyvern moves out of view.
The orc priest shouts!
You hear an angry hiss.
The orc wizard points at you and mumbles some strange words.
The puff of flame hits you!
An orc warrior comes into view. It is wielding a +0 trident.
An orc comes into view.
It is wielding a +0 falchion and wearing a +0 ring mail of positive energy.
The orc attacks as you move away! The orc hits you but does no damage.
The orc wizard attacks as you move away!
The orc wizard completely misses you.
The orc priest mumbles some strange prayers to Beogh against you.
Beogh smites you!
Unknown command.
The orc wizard attacks as you move away!
The orc wizard hits you with a +0 dagger of draining.
Unknown command.
The orc attacks as you move away! The orc hits you with a +0 dagger.
The orc wizard attacks as you move away!
The orc wizard hits you with a +0 dagger of draining.
The wyvern attacks as you move away! The wyvern barely misses you.
The orc priest looks satisfied for a moment.
The wyvern attacks as you move away! The wyvern misses you.
The wyvern bites you!
You claw the wyvern! The wyvern bites you!
* * * LOW HITPOINT WARNING * * *
You claw the wyvern!
The orc priest looks encouraged for a moment.
The wyvern bites you!
* * * LOW HITPOINT WARNING * * *
You barely miss the wyvern.
The wyvern bites you but does no damage.
You barely miss the wyvern. The wyvern bites you!
* * * LOW HITPOINT WARNING * * *
You claw the wyvern!
You kill the wyvern!
The Council accepts your kill.
You feel better.
The orc wizard gestures wildly while chanting.
The orc wizard flickers and vanishes!
Deactivating autopickup; reactivate with Ctrl-A.
Your Unarmed Combat skill increases to level 11!
You barely miss the orc. You scratch the orc.
The orc hits you but does no damage.
An orc priest comes into view. It is wielding a +0 club.
You feel yourself speed up. The orc barely misses you.
The orc priest invokes the aid of Beogh against you.
Beogh smites you!
* * * LOW HITPOINT WARNING * * *
Unknown command.
Unknown command.
You claw the orc!
You kill the orc!
The Council accepts your kill.
You feel better.
The orc priest calls down the wrath of Beogh upon you.
Beogh smites you!
* * * LOW HITPOINT WARNING * * *
You miss something.
Unknown command.
You barely miss something. Something hits you but does no damage.
The orc priest casts a cantrip, but nothing happens.
Unknown command.
You closely miss something. You barely miss something.
Danger!
You closely miss the orc. You claw the orc!
You kill the orc!
The Council accepts your kill.
You feel better.
You lunge at the orc priest.
You scratch the orc priest. You claw the orc priest.
The orc priest hits you but does no damage.
The orc hits you with a +0 hand axe.
* * * LOW HITPOINT WARNING * * *
Something hits you.
* * * LOW HITPOINT WARNING * * *
The orc priest hits you but does no damage.
The orc warrior hits you from afar with a +0 trident!
* * * LOW HITPOINT WARNING * * *
Items here: )) [ ††.
Unknown command.
You scratch the orc priest but do no damage.
Unknown command.
You scratch the orc priest.
The orc priest hits you with a +0 flail.
You die...

Skill      XL: |  1  2  3  4  5  6  7  8  9 |
---------------+----------------------------+-----
Unarmed Combat | 4 5 6 7 8 10 11 | 11.0
Fighting       | 3 4 5 7 |  7.7
Throwing       | 2 3 |  3.2
Stealth        | 1 3 |  3.3
Evocations     | 1 2 |  2.4
Dodging        | |  2.6

Action                   |  1- 3 |  4- 6 |  7- 9 || total
-------------------------+-------+-------+-------++-------
Melee: Unarmed           |    82 |   303 |   306 ||   691
       Punch             |       |     8 |    13 ||    21
Invok: Lunge             |       |       |    16 ||    16
Evoke: Wand              |       |       |     2 ||     2
  Use: Potion            |       |     5 |     2 ||     7
       Scroll            |       |     8 |     5 ||    13
Armor: Leather armour    |    25 |       |       ||    25
       Scale mail        |       |   139 |    91 ||   230
Dodge: Dodged            |    47 |   145 |   114 ||   306

Levels and vault maps discovered:
D:1:      dpeg_arrival_ratfight, layout_loops_cross, minmay_pentomino_q4
D:2:      layout_basic, basic_altar, uniq_robin, uniq_natasha
D:3:      layout_loops_ring, serial_forest, infiniplex_forest_straight_1,
          infiniplex_forest_zigzag_2, infiniplex_forest_end_2,
          infiniplex_forest_lined_2, infiniplex_forest_straight_4,
          infiniplex_forest_clump_medium, infiniplex_forest_lined_corner,
          infiniplex_forest_straight_2, infiniplex_forest_end_2,
          portal_sewer_entry_f, minmay_diced_spiral
D:4:      layout_loops_ring
D:5:      layout_rooms, uniq_pikel
D:6:      layout_basic, mainiacjoe_overflow_large_starburst
D:7:      layout_basic, minmay_temple_entry_waves, serial_shops,
          nicolae_shop_statue_plus, minmay_misc_feat_enclosed, uniq_duvessa,
          uniq_menkaure, uniq_joseph
D:8:      layout_basic, bloody_makhleb

Notes
Turn   | Place    | Note
-------+----------+-------------------------------------------
     0 | D:1      | Sobieck the Ghoul Gladiator began the quest for the Orb.
     0 | D:1      | Reached XP level 1. HP: 17/17 MP: 0/0
   194 | D:1      | You pick up a book of the Dragon and begin reading...
   194 | D:1      | You add the spells Cause Fear and Dragon's Call to your
                  | library.
   290 | D:1      | Reached XP level 2. HP: 25/25 MP: 1/1
   781 | D:1      | Reached skill level 4 in Unarmed Combat
   962 | D:2      | Reached XP level 3. HP: 18/30 MP: 2/2
   967 | D:2      | Noticed Natasha
  1180 | D:1      | Killed Natasha
  1181 | D:1      | Reached skill level 3 in Fighting
  1246 | D:2      | Reached XP level 4. HP: 38/38 MP: 3/3
  1657 | D:2      | Noticed Robin
  1674 | D:1      | Reached skill level 5 in Unarmed Combat
  1828 | D:2      | Killed Robin
  1834 | D:2      | Found a snail-covered altar of Cheibriados.
  2010 | D:2      | Reached XP level 5. HP: 45/45 MP: 4/4
  2214 | D:3      | Found a glowing drain.
  2238 | Sewer    | Entered a sewer
  2522 | Sewer    | Reached skill level 4 in Fighting
  2522 | Sewer    | Reached skill level 6 in Unarmed Combat
  2522 | Sewer    | Reached XP level 6. HP: 21/52 MP: 5/5
  2536 | Sewer    | You pick up a book of Alchemy and begin reading...
  2536 | Sewer    | You add the spells Petrify and Irradiate to your library.
  3328 | D:3      | Reached skill level 7 in Unarmed Combat
  3677 | D:4      | Reached XP level 7. HP: 51/60 MP: 6/6
  3833 | D:4      | Reached skill level 5 in Fighting
  4505 | D:5      | Entered Level 5 of the Dungeon
  4517 | D:5      | Reached skill level 8 in Unarmed Combat
  4559 | D:5      | Reached XP level 8. HP: 70/70 MP: 7/7
  4732 | D:5      | Noticed Pikel
  4776 | D:4      | HP: 16/70 [Pikel/+1 whip of flaming (3)]
  4782 | D:4      | Killed Pikel
  4783 | D:4      | Reached skill level 6 in Fighting
  4783 | D:4      | Reached skill level 9 in Unarmed Combat
  5289 | D:5      | Reached skill level 10 in Unarmed Combat
  5480 | D:6      | Reached skill level 7 in Fighting
  5721 | D:6      | Found a blossoming altar of Fedhas.
  5736 | D:6      | Reached skill level 2 in Throwing
  5736 | D:6      | Reached skill level 1 in Stealth
  5737 | D:6      | Found an ornate altar of the Wu Jian Council.
  5745 | D:6      | Became a worshipper of the Wu Jian Council
  5787 | D:6      | Reached skill level 1 in Evocations
  5787 | D:6      | Reached XP level 9. HP: 79/79 MP: 8/8
  5987 | D:6      | Reached skill level 2 in Stealth
  6773 | D:7      | Noticed Menkaure
  6786 | D:7      | Killed Menkaure
  7173 | D:7      | Reached skill level 2 in Evocations
  7262 | D:7      | Found a staircase to the Ecumenical Temple.
  7345 | D:7      | Noticed Duvessa
  7345 | D:7      | Noticed Dowan
  7488 | D:7      | Killed Duvessa
  7489 | D:7      | Reached skill level 3 in Stealth
  7564 | D:7      | Killed Dowan
  7565 | D:7      | Reached skill level 3 in Throwing
  7671 | D:7      | Noticed Joseph
  7868 | D:8      | HP: 18/79 [wyvern (7)]
  7870 | D:8      | Reached skill level 11 in Unarmed Combat
  7873 | D:8      | HP: 13/80 [orc priest/divine providence (8)]
  7879 | D:8      | HP: 15/80 [orc/+0 hand axe (2)]
  7879 | D:8      | HP: 1/80 [orc warrior/+0 trident (12)]
  7881 | D:8      | Slain by an orc priest

Vanquished Creatures
  Pikel (D:4)
  A wyvern (D:8)
  Menkaure (D:7)
  Duvessa (D:7)
  A sky beast (D:6)
  A black bear (D:5)
  2 ogres
  2 lemures (D:4)
  2 bullfrogs (Sewer)
  A necrophage (D:6)
  3 scorpions
  Dowan (D:7)
  2 jellies
  4 orc priests (D:6)
  9 hounds
  2 gnoll boudas
  3 iguanas
  3 orc wizards
  Natasha (D:1)
  Robin (D:2)
  9 gnolls
  13 adders
  2 worms
  3 dart slugs (D:2)
  24 orcs
  13 ball pythons
  4 endoplasms
  9 giant cockroaches
  13 goblins
  9 hobgoblins
  4 jackals (D:2)
  12 kobolds
  10 quokkas
  7 bats
  17 frilled lizards
  11 rats
202 creatures vanquished.

Vanquished Creatures (others)
  An orc wizard (D:4)
  2 plants (D:3)
3 creatures vanquished.

Grand Total: 205 creatures vanquished

Table legend:
 A = Non-vault XP
 B = Vault XP
 C = Vault XP percentage of total XP
 D = Non-vault monster count
 E = Vault monster count
 F = Vault count percentage of total count
                 A         B        C        D         E       F
            +---------+---------+-------+---------+---------+-------
      Total |    2413 |    1392 |  36.6 |     133 |      68 |  33.8
            +---------+---------+-------+---------+---------+-------
        D:1 |      24 |      58 |  70.7 |      14 |      16 |  53.3
        D:2 |      68 |      24 |  26.1 |      21 |       6 |  22.2
        D:3 |      80 |      70 |  46.7 |      24 |      10 |  29.4
        D:4 |     354 |     607 |  63.2 |      22 |       1 |   4.3
        D:5 |     492 |       0 |   0.0 |      15 |       0 |   0.0
        D:6 |     911 |       0 |   0.0 |      25 |       0 |   0.0
        D:7 |     261 |     377 |  59.1 |       8 |       3 |  27.3
        D:8 |     223 |       0 |   0.0 |       4 |       0 |   0.0
      Sewer |       0 |     256 | 100.0 |       0 |      32 | 100.0
            +---------+---------+-------+---------+---------+-------

Illustrated notes

Table legend:
 A = Kills in this place as a percentage of kills in entire the game.
 B = Kills by you in this place as a percentage of kills by you in the entire game.
 C = Kills by friends in this place as a percentage of kills by friends in the entire game.
 D = Other kills in this place as a percentage of other kills in the entire game.
 E = Experience gained in this place as a percentage of experience gained in the entire game.
 F = Experience gained in this place divided by the number of levels of this place that you have seen.
                   A       B       C       D       E      F
               +-------+-------+-------+-------+-------+----------------------
         Total | 100.0 | 100.0 |   N/A | 100.0 | 100.0 | 422.8
       Dungeon |  84.1 |  84.0 |   N/A | 100.0 |  93.3 | 443.6
         Sewer |  15.9 |  16.0 |   N/A |   0.0 |   6.7 | 256.0
               +-------+-------+-------+-------+-------+----------------------

Table legend: (Time is in decaauts)
 A = Elapsed time spent in this place.
 B = Non-inter-level travel time spent in this place.
 C = Inter-level travel time spent in this place.
 D = Time resting spent in this place.
 E = Time spent auto-exploring this place.
 F = Levels seen in this place.
 G = Mean time per level.
                   A        B        C        D        E       F      G
               +--------+--------+--------+--------+--------+-----+--------+
         Total |   7852 |   7644 |    208 |   1563 |   4424 |   9 |  872.4 |
       Dungeon |   7353 |   7145 |    208 |   1398 |   4317 |   8 |  919.1 |
         Sewer |    498 |    498 |      0 |    165 |    107 |   1 |  498.0 |
               +--------+--------+--------+--------+--------+-----+--------+

Top non-repeatable levels by time:
     D:6: 1820 daAuts
     D:1: 1311 daAuts
     D:4: 1263 daAuts
     D:3: 1033 daAuts
     D:2: 793 daAuts
     D:5: 606 daAuts
   Sewer: 498 daAuts
     D:7: 461 daAuts
     D:8: 65 daAuts
